[ AOE2 MATCH · #468615582 ]
Team RMKhmer vs Chinese
[ REPLAY ANALYSIS · EXTRACTED FROM THE RECORDED GAME ]
Feudal
—
Castle
—
Imperial
—
| APM avg | 12.3 |
| APM peak | 46 |
| eAPM avg | 6.6 |
| Villagers / military | 45 / 0 |
Focus
⚔️ 1.0% · 🌾 99.0%
Feudal
11:13
Castle
—
Imperial
—
| APM avg | 32.6 |
| APM peak | 79 |
| eAPM avg | 12.0 |
| Villagers / military | 44 / 0 |
Focus
⚔️ 5.8% · 🌾 94.2%
Feudal
12:57
Castle
—
Imperial
—
| APM avg | 15.1 |
| APM peak | 24 |
| eAPM avg | 12.1 |
| Villagers / military | 39 / 7 |
Focus
⚔️ 12.8% · 🌾 87.2%
Fishing Ship ×8 · Spearman ×7
Feudal
11:57
Castle
—
Imperial
—
| APM avg | 31.9 |
| APM peak | 55 |
| eAPM avg | 8.5 |
| Villagers / military | 33 / 7 |
Focus
⚔️ 18.5% · 🌾 81.5%
Fishing Ship ×4 · Scout Cavalry ×4 · Demolition Raft ×2 · Transport Ship ×1
Match map
Initial resources + every placement click. Lines = walls · curves = elevation contours. ◆ gold · ⬟ stone · ● berries · ✦ relic · ◌ wall gap
Inputs per minute
— Guikabeca - - 桂电蔡徐坤
Build order — Guikabeca
81 actions detected in the replay
| 0:06 | Create | Villager (Male) |
| 0:06 | Research | Loom |
| 0:07 | Create | Villager (Male) ×3 |
| 0:27 | Build | House |
| 1:42 | Build | House |
| 1:48 | Build | House |
| 1:50 | Build | House |
| 1:52 | Build | House |
| 1:54 | Build | House |
| 2:26 | Create | Villager (Male) |
| 2:26 | Create | Villager (Male) |
| 2:26 | Create | Villager (Male) |
| 2:54 | Create | Villager (Male) |
| 2:55 | Create | Villager (Male) |
| 3:20 | Create | Villager (Male) |
| 3:20 | Create | Villager (Male) |
| 3:21 | Create | Villager (Male) |
| 3:43 | Create | Villager (Male) |
| 3:44 | Create | Villager (Male) |
| 4:11 | Create | Villager (Male) |
| 4:11 | Create | Villager (Male) |
| 4:41 | Create | Villager (Male) |
| 4:42 | Create | Villager (Male) |
| 5:04 | Create | Villager (Male) |
| 5:18 | Create | Villager (Male) |
| 5:52 | Build | Mill |
| 5:59 | Create | Villager (Male) |
| 5:59 | Create | Villager (Male) |
| 5:59 | Create | Villager (Male) |
| 6:59 | Build | Mill |
| 7:18 | Build | Lumber Camp |
| 7:22 | Create | Villager (Male) |
| 7:22 | Create | Villager (Male) |
| 7:22 | Create | Villager (Male) |
| 7:23 | Create | Villager (Male) |
| 7:52 | Create | Villager (Male) |
| 7:52 | Create | Villager (Male) |
| 8:27 | Create | Villager (Male) |
| 8:27 | Create | Villager (Male) |
| 8:29 | Create | Villager (Male) |
| 9:25 | Create | Villager (Male) |
| 9:26 | Create | Villager (Male) |
| 9:28 | Create | Villager (Male) |
| 9:31 | Create | Villager (Male) |
| 9:35 | Create | Villager (Male) |
| 10:24 | Build | House |
| 10:28 | Build | House |
| 10:31 | Build | House |
| 10:33 | Build | House |
| 11:23 | Research | Feudal Age |
| 11:39 | Build | Mining Camp |
| 12:16 | Build | Farm |
| 12:18 | Build | Farm |
| 12:19 | Build | Farm |
| 12:21 | Build | Farm |
| 12:22 | Build | Farm |
| 12:24 | Build | Farm |
| 13:14 | Build | House |
| 13:16 | Build | House |
| 13:17 | Build | House |
| 13:19 | Build | House |
| 13:20 | Build | House |
| 14:10 | Research | Wheelbarrow |
| 14:13 | Research | Stone Mining |
| 14:16 | Research | Double-Bit Axe |
| 14:33 | Create | Villager (Male) ×5 |
| 15:41 | Create | Villager (Male) |
| 15:42 | Create | Villager (Male) |
| 15:42 | Create | Villager (Male) |
| 15:57 | Build | Farm |
| 16:14 | Build | Farm |
| 16:16 | Build | Farm |
| 16:17 | Build | Farm |
| 16:19 | Build | Farm |
| 16:23 | Build | Farm |
| 16:25 | Build | Farm |
| 16:26 | Build | Farm |
| 16:29 | Build | Farm |
| 16:40 | Build | Farm |
| 17:17 | Build | Stone Wall |
| 18:22 | Research | Castle Age |
Build order — 桂电蔡徐坤
84 actions detected in the replay
| 0:10 | Research | Loom |
| 0:52 | Create | Villager (Male) |
| 0:53 | Create | Villager (Male) |
| 1:24 | Create | Villager (Male) |
| 1:24 | Create | Villager (Male) |
| 1:24 | Create | Villager (Male) |
| 1:51 | Create | Villager (Male) |
| 1:52 | Create | Villager (Male) |
| 2:23 | Create | Villager (Male) |
| 2:23 | Create | Villager (Male) |
| 2:36 | Build | House |
| 2:37 | Build | House |
| 2:55 | Create | Villager (Male) |
| 2:55 | Create | Villager (Male) |
| 2:56 | Create | Villager (Male) |
| 3:09 | Create | Villager (Male) |
| 3:09 | Create | Villager (Male) |
| 3:35 | Build | Mill |
| 3:48 | Create | Villager (Male) |
| 3:48 | Create | Villager (Male) |
| 4:44 | Create | Villager (Male) |
| 4:45 | Create | Villager (Male) |
| 4:46 | Create | Villager (Male) |
| 5:32 | Build | Lumber Camp |
| 5:53 | Create | Villager (Male) |
| 5:53 | Create | Villager (Male) |
| 6:14 | Create | Villager (Male) |
| 6:15 | Create | Villager (Male) |
| 6:49 | Create | Villager (Male) |
| 6:50 | Create | Villager (Male) |
| 7:32 | Create | Villager (Male) |
| 7:33 | Create | Villager (Male) |
| 7:33 | Create | Villager (Male) |
| 8:29 | Create | Villager (Male) |
| 9:01 | Research | Feudal Age |
| 9:16 | Build | Mining Camp |
| 11:06 | Build | House |
| 11:13 | Age | Feudal Age |
| 11:14 | Research | Horse Collar |
| 11:15 | Create | Villager (Male) |
| 11:16 | Create | Villager (Male) |
| 11:17 | Create | Villager (Male) |
| 11:17 | Create | Villager (Male) |
| 11:27 | Build | House |
| 11:47 | Build | Farm |
| 11:48 | Build | Farm |
| 11:49 | Build | Farm |
| 11:53 | Build | Farm |
| 11:55 | Build | Farm |
| 12:03 | Create | Villager (Male) |
| 12:03 | Create | Villager (Male) |
| 12:06 | Build | House |
| 12:20 | Build | Farm |
| 12:21 | Build | Farm |
| 12:23 | Build | Farm |
| 12:32 | Create | Villager (Male) |
| 12:33 | Create | Villager (Male) |
| 13:04 | Create | Villager (Male) |
| 13:13 | Build | Farm |
| 13:42 | Build | Farm |
| 13:43 | Build | Farm |
| 13:45 | Build | Farm |
| 14:29 | Research | Double-Bit Axe |
| 14:42 | Build | Farm |
| 14:47 | Create | Villager (Male) |
| 14:49 | Create | Villager (Male) |
| 14:49 | Create | Villager (Male) |
| 15:04 | Build | Barracks |
| 15:23 | Build | Blacksmith |
| 15:28 | Create | Villager (Male) |
| 15:28 | Create | Villager (Male) |
| 15:56 | Create | Villager (Male) |
| 16:03 | Build | House |
| 16:04 | Build | House |
| 16:22 | Build | Archery Range |
| 17:02 | Build | House |
| 17:23 | Research | Castle Age |
| 17:44 | Build | Farm |
| 17:51 | Research | Stone Mining |
| 17:51 | Research | Stone Mining |
| 17:51 | Research | Stone Mining |
| 18:24 | Build | Farm |
| 18:27 | Build | Farm |
| 18:28 | Build | Farm |
Build order — GABR1EL
91 actions detected in the replay
| 0:03 | Create | Villager (Male) |
| 0:03 | Create | Villager (Male) |
| 0:04 | Create | Villager (Male) |
| 0:04 | Create | Villager (Male) |
| 0:04 | Create | Villager (Male) |
| 0:09 | Build | House |
| 1:26 | Create | Villager (Male) |
| 2:01 | Build | House |
| 2:08 | Create | Villager (Male) |
| 2:08 | Create | Villager (Male) |
| 2:34 | Create | Villager (Male) |
| 3:06 | Create | Villager (Male) |
| 3:06 | Create | Villager (Male) |
| 3:32 | Create | Villager (Male) |
| 3:32 | Create | Villager (Male) |
| 3:50 | Build | House |
| 4:09 | Create | Villager (Male) |
| 4:45 | Create | Villager (Male) |
| 5:20 | Create | Villager (Male) |
| 5:20 | Create | Villager (Male) |
| 5:20 | Create | Villager (Male) |
| 5:21 | Create | Villager (Male) |
| 5:21 | Create | Villager (Male) |
| 6:14 | Build | Mill |
| 6:49 | Create | Villager (Male) |
| 6:49 | Create | Villager (Male) |
| 7:16 | Build | Dock |
| 7:43 | Build | Farm |
| 7:47 | Build | House |
| 7:52 | Research | Loom |
| 7:57 | Create | Villager (Male) |
| 7:58 | Create | Villager (Male) |
| 7:59 | Create | Villager (Male) |
| 7:59 | Create | Villager (Male) |
| 8:00 | Create | Villager (Male) |
| 8:00 | Create | Villager (Male) |
| 8:15 | Build | House |
| 9:01 | Build | Lumber Camp |
| 10:04 | Research | Feudal Age |
| 10:13 | Build | Farm |
| 10:35 | Build | Farm |
| 10:45 | Build | Mining Camp |
| 11:18 | Build | Lumber Camp |
| 11:33 | Create | Villager (Male) |
| 11:36 | Create | Fishing Ship |
| 11:36 | Create | Fishing Ship |
| 11:49 | Build | House |
| 11:50 | Build | House |
| 12:15 | Create | Fishing Ship |
| 12:32 | Create | Fishing Ship |
| 12:32 | Create | Fishing Ship |
| 12:32 | Create | Fishing Ship |
| 12:40 | Create | Villager (Male) |
| 12:57 | Age | Feudal Age |
| 13:10 | Build | Barracks |
| 13:18 | Research | Wheelbarrow |
| 13:21 | Research | Double-Bit Axe |
| 13:26 | Create | Villager (Male) |
| 13:27 | Create | Villager (Male) |
| 13:27 | Create | Villager (Male) |
| 13:34 | Create | Fishing Ship |
| 13:44 | Build | Stone Wall |
| 13:50 | Build | Building 487 |
| 13:56 | Create | Villager (Male) |
| 13:56 | Create | Villager (Male) |
| 13:56 | Create | Villager (Male) |
| 14:14 | Build | Farm |
| 14:28 | Research | Tech 906 |
| 14:43 | Create | Fishing Ship |
| 14:53 | Create | Spearman |
| 15:12 | Research | Arson |
| 15:19 | Create | Spearman |
| 15:22 | Create | Villager (Male) |
| 15:22 | Create | Villager (Male) |
| 15:22 | Create | Villager (Male) |
| 15:25 | Build | Farm |
| 15:26 | Build | Farm |
| 15:29 | Build | Farm |
| 15:42 | Build | Market |
| 15:50 | Create | Spearman |
| 15:51 | Create | Spearman |
| 15:51 | Create | Spearman |
| 16:02 | Research | Stone Mining |
| 16:29 | Build | Blacksmith |
| 16:36 | Create | Spearman |
| 16:36 | Create | Spearman |
| 16:47 | Build | House |
| 17:52 | Build | Stone Wall |
| 17:55 | Build | Building 487 |
| 18:12 | Research | Scale Mail Armor |
| 18:13 | Research | Forging |
Build order — Pablito
74 actions detected in the replay
| 0:04 | Build | House |
| 0:06 | Build | House |
| 0:10 | Research | Loom |
| 0:10 | Create | Villager (Male) |
| 0:11 | Create | Villager (Male) |
| 0:11 | Create | Villager (Male) |
| 0:31 | Create | Villager (Male) |
| 1:55 | Create | Villager (Male) |
| 1:55 | Create | Villager (Male) |
| 2:31 | Create | Villager (Male) |
| 2:46 | Build | Lumber Camp |
| 3:02 | Create | Villager (Male) |
| 3:40 | Create | Villager (Male) |
| 3:40 | Create | Villager (Male) |
| 4:11 | Create | Villager (Male) |
| 4:12 | Create | Villager (Male) |
| 4:55 | Build | Mill |
| 5:07 | Create | Villager (Male) |
| 5:48 | Create | Villager (Male) |
| 5:49 | Create | Villager (Male) |
| 7:00 | Build | Dock |
| 7:03 | Create | Villager (Male) |
| 7:03 | Create | Villager (Male) |
| 7:11 | Build | House |
| 7:34 | Create | Villager (Male) |
| 7:45 | Create | Villager (Male) |
| 7:50 | Create | Fishing Ship |
| 7:57 | Build | Mill |
| 8:37 | Create | Fishing Ship |
| 8:56 | Create | Transport Ship |
| 9:12 | Create | Villager (Male) |
| 9:47 | Research | Feudal Age |
| 10:12 | Create | Villager (Male) |
| 10:37 | Build | House |
| 10:39 | Build | Barracks |
| 11:24 | Build | Lumber Camp |
| 11:57 | Age | Feudal Age |
| 12:11 | Create | Villager (Male) |
| 12:18 | Build | Stable |
| 12:29 | Create | Villager (Male) |
| 13:01 | Build | Mining Camp |
| 13:04 | Build | House |
| 13:06 | Build | House |
| 13:16 | Create | Scout Cavalry |
| 13:16 | Create | Scout Cavalry |
| 13:17 | Create | Scout Cavalry |
| 13:28 | Build | Blacksmith |
| 13:32 | Build | House |
| 13:38 | Build | House |
| 13:41 | Create | Villager (Male) |
| 13:41 | Create | Villager (Male) |
| 14:11 | Create | Scout Cavalry |
| 14:32 | Create | Villager (Male) |
| 14:37 | Build | Farm |
| 14:38 | Build | Farm |
| 14:40 | Build | Farm |
| 15:03 | Build | Farm |
| 15:10 | Build | Fish Trap |
| 15:11 | Create | Demolition Raft |
| 15:50 | Research | Forging |
| 16:01 | Build | Farm |
| 16:02 | Create | Villager (Male) |
| 16:03 | Create | Villager (Male) |
| 16:55 | Create | Villager (Male) |
| 16:57 | Create | Villager (Male) |
| 17:00 | Create | Demolition Raft |
| 17:02 | Build | Fish Trap |
| 17:09 | Create | Fishing Ship |
| 17:09 | Create | Fishing Ship |
| 17:22 | Build | Farm |
| 17:23 | Build | Farm |
| 17:26 | Create | Villager (Male) |
| 18:35 | Create | Villager (Male) |
| 18:35 | Create | Villager (Male) |
Match timeline
| 7:00 | Pablito · first_building Dock |
| 7:16 | GABR1EL · first_building Dock |
| 10:39 | Pablito · first_building Barracks |
| 11:13 | 桂电蔡徐坤 · age_up feudal |
| 11:57 | Pablito · age_up feudal |
| 12:18 | Pablito · first_building Stable |
| 12:57 | GABR1EL · age_up feudal |
| 13:10 | GABR1EL · first_building Barracks |
| 13:44 | GABR1EL · wall_segment Stone Wall x22 |
| 15:04 | 桂电蔡徐坤 · first_building Barracks |
| 16:22 | 桂电蔡徐坤 · first_building Archery Range |
| 17:17 | Guikabeca · wall_segment Stone Wall x13 |
| 17:52 | GABR1EL · wall_segment Stone Wall x6 |
| 18:35 | Guikabeca · resign |
[ AI ANALYSIS · 1 CREDIT ]
What really happened in this match?
Wolo.gg analyzes every decision: build order, eco, micro, common mistakes by bracket. Personalized analysis on WhatsApp or Discord in 30 seconds.
Civ guide
Khmer
Map guide
MegaRandom
Perfil
Guikabeca